 Dungeon Crawl Stone Soup version 0.25.1-1-g288607f (webtiles) character file.

Game seed: 17151244691832130979

39 RonnieColeman the Conjurer (level 3, 0/23 HPs)
             Began as an Octopode Conjurer on Sept 12, 2020.
             Shot with an arrow by a centaur (10 damage)
             ... on level 2 of the Dungeon.
             The game lasted 00:02:15 (1272 turns).

RonnieColeman the Conjurer (Octopode Conjurer)      Turns: 1272, Time: 00:02:16

Health: 0/23       AC:  1    Str:  7    XL:     3   Next: 45%
Magic:  7/7        EV: 13    Int: 18    God:
Gold:   46         SH:  0    Dex: 12    Spells: 6/7 levels left

rFire    . . .     SeeInvis .   k - +0 dagger (elec)
rCold    . . .     Gourm    .   (no shield)
rNeg     . . .     Faith    .   (helmet restricted)
rPois    .         Spirit   .   (no amulet)
rElec    .         Reflect  .   (no ring)
rCorr    .         Harm     .   (no ring)
MR       .....                  (no ring)
Stlth    +++.......             (no ring)
HPRegen  0.07/turn              (no ring)
MPRegen  0.10/turn              (no ring)
                                (no ring)
                                (no ring)

@: no status effects
A: almost no armour, stealthy swim, amphibious, 8 rings, constrict 8, camouflage
1, gelatinous body 1
a: no special abilities


You were on level 2 of the Dungeon.
You were not hungry.

You visited 1 branch of the dungeon, and saw 2 of its levels.

You collected 46 gold pieces.

Inventory:

Hand Weapons
 a - a +0 whip
 f - a +0 dagger of venom
 k - a +0 dagger of electrocution (weapon)
Scrolls
 c - a scroll of magic mapping {unknown}
 d - a scroll of amnesia {unknown}
 g - a scroll of enchant armour {unknown}
 j - a scroll of remove curse {unknown}
Potions
 e - a potion of cancellation {unknown}
 h - a potion of stabbing {unknown}
Comestibles
 b - 2 rations
 i - 2 chunks of flesh


   Skills:
 + Level 1.2 Fighting
 - Level 2.0 Dodging
 - Level 2.6 Stealth
 * Level 2.9 Spellcasting
 + Level 4.3 Conjurations


You had 6 spell levels left.
You knew the following spells:

 Your Spells              Type           Power        Failure   Level  Hunger
a - Magic Dart            Conj           ###.         2%          1    None

Your spell library contained the following spells:

 Spells                   Type           Power        Failure   Level  Hunger
 Searing Ray              Conj           ###...       4%          2    ##.....
 Dazzling Flash           Conj/Hex       ##....       21%         3    ###....
 Fulminant Prism          Conj/Hex       ##........   56%         4    ####...
 Iskenderun's Mystic Bla  Conj/Tloc      ##......     56%         4    ####...


Dungeon Overview and Level Annotations

Branches:
Dungeon (2/15)

Altars:


Innate Abilities, Weirdness & Mutations

You cannot wear most types of armour.
You are very stealthy in the water. (Stealth+)
You are amphibious.
You can wear up to eight rings at the same time.
You can use your tentacles to constrict eight enemies at once.
Your skin changes colour to match your surroundings (Stealth+).
Your rubbery body absorbs attacks. (AC +1, EV +1)


Message History

Your +0 dagger of venom stops dripping with poison.
You hear the crackle of electricity.
k - a +0 dagger of electrocution (weapon)
Unknown command.
Magic restored.
HP restored.
You now have 37 gold pieces (gained 8).
You now have 46 gold pieces (gained 9).
A kobold comes into view.
A kobold is nearby!
You hit the kobold. Lightning courses through the kobold!!
You kill the kobold!
A rat comes into view.
Found a stone staircase leading down.
The centaur shoots an arrow.
The arrow hits you!
Ouch! That really hurt!
The centaur shoots an arrow.
The arrow misses you.
You see here 2 arrows.
The centaur shoots an arrow.
The arrow hits you!
You die...

...........#..
............. .##
........... ...
.##...#....#.#. #
.............. .
...c......##.#.#
..........##.#.###
..................
.........(@.....#
.......†.##.##..# #
............$#..# .#
>...###.###..#..#####.###
.... #.................
... #.###............. ..
................#.#
######..........#.#
................


You could see a centaur.

Vanquished Creatures
  An adder (D:1)
  A dart slug (D:2)
  3 giant cockroaches (D:1)
  5 goblins
  4 hobgoblins (D:1)
  3 kobolds
  A ball python (D:1)
  5 bats (D:1)
  A frilled lizard (D:1)
  2 rats (D:1)
26 creatures vanquished.

Notes
Turn   | Place    | Note
-------+----------+-------------------------------------------
     0 | D:1      | RonnieColeman the Octopode Conjurer began the quest for the
                  | Orb.
     0 | D:1      | Reached XP level 1. HP: 11/11 MP: 3/3
   287 | D:1      | Reached XP level 2. HP: 18/18 MP: 5/5
   647 | D:1      | Reached skill level 1 in Fighting
   906 | D:1      | Reached XP level 3. HP: 22/23 MP: 7/7
  1116 | D:2      | Noticed a centaur
  1272 | D:2      | Shot with an arrow by a centaur

Illustrated notes

Levels and vault maps discovered:
D:1:      minmay_arrival_doors, layout_basic
D:2:      layout_basic, nicolae_ru_great_annihilating_truth

Skill      XL: |  1  2 |
---------------+-------+-----
Fighting       | 1 |  1.2
Dodging        | |  2.0
Stealth        | |  2.6
Spellcasting   | |  2.9
Conjurations   | |  4.3

Action                   || total
-------------------------++-------
Melee: Unarmed           ||     4
       Whip              ||    35
       Constrict         ||    15
       Tentacles         ||     9
       Dagger            ||    17
 Cast: Magic Dart        ||     7
 Stab: Sleeping          ||     3
  Eat: Chunk             ||     1
Armor: Skin              ||    12
Dodge: Dodged            ||    58
